Map: 아크로폴리스 - 래더

Players

GOReynor (Reynor)

  • Race: Zerg Zerg
  • League: Master
  • Spawn Location: 5:00

Cure - Winner!

  • Race: Terran Terran
  • League: Master
  • Spawn Location: 11:00

Event: HomeStory Cup XX

VOD

Have the link to the VOD?

Description

Time

  • Played on: Nov. 23, 2019, 11:31 a.m.
  • Length: 25:10

All games in this series

Show
View Real Time Build Order
Export as new Build Order

GOReynor Zerg 

Build Orders: Hatch First, Lurkers 

Get SALT Encoding   

  12  0:00  Drone  
  13  0:12  Overlord  
  13  0:17  Drone  
  14  0:30  Drone x2  
  16  0:48  Hatchery  
  15  0:51  Drone  
  15  0:55  Drone  
  17  0:58  Drone  
  18  1:08  Extractor  
  17  1:13  Spawning Pool  
  17  1:16  Drone  
  17  1:19  Drone  
  18  1:27  Drone  
  19  1:38  Drone  
  20  1:50  Overlord  
  20  1:59  Queen  
  20  2:00  Zergling x4, Queen  
  26  2:10  Drone x2  
  28  2:16  Metabolic Boost  
  28  2:21  Drone x2  
  30  2:32  Drone x2  
  30  2:36  Spore Crawler  
  31  2:38  Queen  
  34  2:45  Overlord  
  34  2:46  Drone  
  35  2:53  Hatchery  
  35  2:55  Drone  
  35  2:57  Drone  
  36  3:05  Drone x2  
  38  3:10  Pneumatized Carapace  
  38  3:12  Drone x2  
  40  3:13  Drone  
  40  3:15  Drone  
  40  3:17  Drone  
  43  3:25  Overlord  
  42  3:27  Drone  
  43  3:37  Overlord  
  43  3:43  Queen  
  43  3:44  Drone x4  
  43  3:47  Drone  
  50  3:53  Queen  
  52  3:57  Zergling x6  
  52  3:58  Overlord  
  52  4:01  Drone  
  56  4:03  Drone  
  56  4:05  Drone  
  56  4:06  Queen  
  60  4:15  Zergling x2  
  60  4:16  Drone x2  
  63  4:19  Zergling x2, Queen  
  63  4:21  Overlord  
  63  4:22  Drone x2  
  68  4:26  Zergling x2  
  68  4:29  Drone  
  70  4:32  Drone  
  70  4:36  Queen  
  74  4:38  Drone  
  74  4:39  Overlord  
  74  4:42  Queen  
  74  4:43  Spore Crawler  
  74  4:44  Zergling x2  
  76  4:46  Zergling x6  
  76  4:48  Drone  
  76  4:51  Drone  
  76  4:52  Drone  
  82  4:54  Spore Crawler, Overlord  
  82  4:55  Spore Crawler  
  82  4:58  Overlord  
  80  5:02  Lair  
  80  5:05  Drone x5  
  85  5:07  Overlord  
  85  5:09  Zergling x2  
  86  5:14  Drone x3  
  86  5:15  Drone  
  86  5:17  Drone  
  86  5:19  Queen  
  86  5:20  Evolution Chamber  
  92  5:23  Overlord  
  92  5:29  Drone x5  
  92  5:30  Queen  
  92  5:33  Overlord  
  96  5:37  Zergling x8  
  96  5:41  Zergling x2  
  96  5:42  Evolution Chamber  
  91  5:48  Zergling x4  
  91  5:49  Drone  
  81  5:50  Drone x2  
  81  5:53  Drone x4  
  86  6:00  Drone x2  
  88  6:04  Extractor  
  88  6:06  Extractor  
  88  6:10  Drone x2  
  88  6:12  Drone  
  88  6:13  Queen  
  88  6:17  Drone  
  88  6:18  Extractor, Drone  
  93  6:22  Drone  
  93  6:23  Zerg Missile Weapons Level 1, Hydralisk Den  
  93  6:24  Drone  
  84  6:28  Drone  
  84  6:32  Drone  
  86  6:35  Drone  
  86  6:36  Hatchery  
  86  6:39  Extractor, Drone  
  86  6:40  Extractor  
  86  6:43  Drone  
  86  6:46  Drone  
  86  6:48  Evolution Chamber  
  86  6:51  Overlord  
  86  6:52  Zergling x6  
  86  6:58  Infestation Pit, Drone x2  
  86  7:01  Hydralisk x3  
  87  7:03  Drone x2  
  87  7:05  Spore Crawler  
  87  7:08  Drone x3  
  97  7:10  Drone  
  97  7:13  Overlord  
  98  7:17  Hydralisk  
  98  7:19  Zerg Ground Armor Level 1  
  98  7:21  Drone  
  98  7:22  Muscular Augments  
  101  7:24  Hydralisk  
  101  7:31  Hydralisk x2  
  101  7:34  Hydralisk  
  101  7:35  Zergling x4  
  101  7:36  Zergling x2  
  109  7:40  Overlord  
  107  7:47  Hive  
  107  7:48  Drone x2  
  109  7:52  Drone x4  
  109  7:53  Drone x3  
  109  7:54  Drone x2  
  109  7:55  Queen  
  120  8:01  Drone x2  
  120  8:03  Lurker Den, Drone  
  122  8:06  Drone  
  122  8:08  Extractor  
  122  8:13  Overseer  
  122  8:15  Hydralisk x3  
  122  8:17  Zerg Missile Weapons Level 2  
  122  8:18  Zergling x4, Hydralisk  
  122  8:19  Zergling x8  
  135  8:21  Overlord  
  135  8:22  Drone  
  135  8:23  Drone  
  135  8:24  Extractor  
  135  8:25  Drone  
  137  8:31  Overlord  
  137  8:33  Drone x3  
  140  8:36  Spore Crawler  
  139  8:43  Overlord  
  139  8:45  Queen  
  139  8:46  Seismic Spines  
  140  8:48  Hydralisk x2  
  140  8:49  Hydralisk  
  140  8:56  Drone x4  
  140  8:59  Viper x2  
  140  9:02  Hydralisk  
  145  9:03  Zergling x10  
  152  9:10  Drone x6  
  152  9:13  Grooved Spines  
  152  9:15  Hatchery  
  152  9:17  Overlord  
  157  9:19  Viper  
  160  9:27  Spore Crawler x2  
  152  9:34  Hydralisk x6  
  160  9:39  Overlord  
  160  9:44  Hydralisk x4  
  160  9:45  Spine Crawler x2  
  167  9:46  Spine Crawler  
  167  9:49  Overlord  
  161  9:58  Zerg Ground Armor Level 2, Queen  
  163  10:01  Hydralisk  
  163  10:02  Hydralisk x3  
  171  10:08  Hydralisk x4  
  179  10:16  Lurker  
  179  10:17  Drone x8  
  186  10:22  Overlord  
  186  10:29  Hydralisk x6  
  193  10:43  Overlord  
  193  10:45  Lurker  
  193  10:46  Lurker x3  
  193  10:48  Drone x2  
  193  10:49  Drone  
  200  10:55  Spine Crawler  
  200  10:56  Lurker x2, Spine Crawler  
  193  11:00  Extractor  
  193  11:01  Extractor  
  193  11:03  Hydralisk x2  
  193  11:04  Hydralisk x2  
  189  11:09  Drone x2  
  189  11:10  Drone  
  198  11:32  Drone x8  
  191  11:34  Viper x3  
  191  11:35  Queen  
  191  11:37  Drone  
  191  11:38  Drone x8  
  200  11:43  Spine Crawler  
  200  11:45  Drone  
  200  11:46  Hatchery  
  199  11:53  Evolution Chamber x2  
  199  11:54  Spore Crawler x3, Evolution Chamber  
  193  12:02  Burrow  
  193  12:05  Zerg Missile Weapons Level 3  
  193  12:10  Spore Crawler, Adaptive Talons  
  193  12:11  Spore Crawler  
  193  12:13  Spore Crawler  
  193  12:14  Spore Crawler  
  183  12:19  Hydralisk  
  183  12:20  Hydralisk x7  
  199  12:35  Zerg Ground Armor Level 3  
  199  12:40  Overlord x3  
  200  12:45  Spore Crawler  
  198  12:54  Hydralisk x2  
  198  12:55  Zergling x6  
  195  13:01  Zergling x4, Hydralisk  
  199  13:10  Hydralisk x4  
  199  13:11  Zergling x22  
  196  13:18  Viper x3  
  193  13:21  Hydralisk x2  
  193  13:22  Zergling x6  
  187  13:41  Hatchery  
  187  13:42  Hydralisk x10  
  187  13:43  Zergling x8  
  187  13:47  Viper x2  
  193  13:52  Hydralisk  
  194  13:57  Drone x3  
  194  13:58  Zergling x2, Hydralisk  
  194  14:01  Drone x2  
  196  14:37  Lurker x3  
  199  14:43  Spire  
  199  14:44  Spire  
  197  14:52  Lurker x3, Hydralisk  
  198  15:11  Viper x2  
  198  15:16  Zergling x2  
  198  15:20  Overseer  
  199  15:22  Nydus Network  
  198  15:39  Lurker  
  199  16:02  Corruptor x5  
  189  16:08  Hydralisk x7  
  189  16:10  Corruptor x3  
  197  16:14  Hydralisk  
  197  16:15  Zergling x14  
  197  16:16  Spore Crawler  
  197  16:18  Nydus Canal  
  194  16:19  Corruptor x3  
  194  16:26  Extractor  
  194  16:28  Extractor  
  194  16:32  Corruptor x3  
  193  16:34  Hydralisk  
  195  16:49  Lurker x5  
  198  16:57  Zerg Flyer Weapons Level 1, Zerg Flyer Armor Level 1  
  196  17:06  Hydralisk x2  
  196  17:07  Zergling x2, Hydralisk x8  
  196  17:08  Zergling x24  
  187  17:17  Hydralisk x3  
  187  17:18  Zergling x6  
  187  17:20  Queen x2  
  200  17:34  Hydralisk  
  200  17:35  Zergling x16  
  193  17:43  Hydralisk  
  168  17:44  Zergling x10  
  168  17:48  Viper x2  
  168  17:50  Queen  
  179  17:52  Drone x5  
  179  17:53  Drone  
  179  17:57  Lurker x2  
  179  17:58  Zergling x4, Lurker, Hydralisk  
  189  17:59  Zergling x14  
  198  18:08  Hydralisk x2  
  198  18:09  Hydralisk  
  195  18:14  Overlord  
  195  18:17  Hatchery  
  195  18:18  Viper  
  190  18:32  Hydralisk x7  
  199  18:39  Overlord  
  199  18:42  Lurker  
  200  19:06  Drone x4  
  196  19:10  Hydralisk x2  
  196  19:15  Extractor x2  
  195  19:19  Extractor, Hydralisk  
  195  19:20  Hydralisk x4  
  197  19:25  Hatchery  
  189  19:33  Zergling x2, Hydralisk x7  
  192  19:39  Hydralisk x3  
  192  19:40  Zergling x2  
  196  19:58  Zergling x2, Hydralisk x6  
  196  19:59  Zergling x6  
  196  20:01  Viper x2  
  194  20:10  Lurker x2  
  194  20:14  Drone x3  
  194  20:15  Drone  
  194  20:19  Lurker x2  
  200  20:26  Hatchery  
  199  20:31  Hatchery  
  199  20:34  Lurker  
  199  20:35  Lurker  
  195  21:09  Lurker x4  
  195  21:10  Lurker  
  199  21:17  Drone  
  200  21:30  Extractor  
  200  21:31  Viper x2  
  200  21:32  Extractor, Hatchery  
  199  21:51  Hatchery  
  197  21:57  Zergling x2, Hydralisk  
  198  22:05  Zergling x4, Hydralisk  
  198  22:06  Hydralisk  
  198  22:07  Zergling x8  
  197  22:12  Hydralisk  
  197  22:13  Zergling x20  
  193  22:18  Lurker x3  
  193  22:22  Hydralisk x2  
  198  22:41  Viper  
  198  22:42  Viper  
  185  22:44  Drone  
  185  22:45  Drone x10  
  191  22:53  Hydralisk x3  
  191  22:57  Hatchery  
  173  23:05  Viper  
  174  23:13  Viper  
  170  23:30  Zergling x2  
  170  23:31  Zergling x20  
  168  23:52  Hydralisk x4  
  160  24:05  Extractor, Drone x4  
  160  24:09  Extractor, Zergling x2  
  155  24:12  Lurker  
  150  24:34  Drone  
  150  24:35  Drone x2  
  150  24:37  Lurker  
  154  24:38  Spore Crawler, Drone x3  
  154  24:42  Lurker  
  154  24:45  Hydralisk  
  156  24:50  Zergling x2  
  156  24:51  Zergling x14  
  162  24:54  Lurker  
Show
View Real Time Build Order
Export as new Build Order

Cure Terran - Winner!

Build Orders: Hellion Opening, Reaper Expand, Mech 

Get SALT Encoding   

  12  0:00  SCV  
  13  0:12  SCV  
  14  0:17  Supply Depot  
  14  0:24  SCV  
  15  0:38  SCV  
  15  0:39  Barracks  
  15  0:42  Refinery  
  16  0:50  SCV  
  17  1:02  SCV  
  18  1:14  SCV  
  19  1:25  Reaper  
  19  1:27  Orbital Command  
  20  1:38  Command Center  
  20  1:47  Supply Depot  
  20  1:52  SCV  
  21  1:57  Marine  
  22  2:04  SCV  
  23  2:11  Factory  
  23  2:12  Refinery  
  23  2:17  SCV  
  23  2:20  Barracks Reactor  
  24  2:29  SCV  
  25  2:41  SCV  
  25  2:50  Orbital Command  
  25  2:53  SCV  
  25  2:56  Starport  
  26  3:01  Hellion x2  
  26  3:03  Marine  
  26  3:05  SCV  
  32  3:17  SCV x2  
  34  3:24  Hellion x2  
  38  3:28  Supply Depot  
  38  3:29  SCV x2  
  38  3:32  Fusion Core  
  40  3:41  SCV x2  
  40  3:42  Starport Tech Lab  
  40  3:47  Supply Depot  
  42  3:53  SCV x2  
  42  3:55  Supply Depot  
  44  3:57  Hellion x2  
  48  4:05  SCV x2  
  50  4:17  SCV  
  50  4:18  SCV  
  50  4:19  Battlecruiser  
  50  4:21  Supply Depot  
  50  4:22  Hellion  
  60  4:27  Hellion  
  60  4:30  SCV x2  
  64  4:36  Supply Depot  
  64  4:42  SCV x2  
  66  4:50  Command Center  
  66  4:53  Refinery  
  66  4:54  Refinery, SCV x2  
  66  4:57  Weapon Refit  
  68  5:06  SCV x2  
  70  5:08  Supply Depot  
  70  5:11  Hellion x2  
  74  5:18  SCV x2  
  82  5:28  Battlecruiser  
  82  5:30  SCV x2  
  82  5:34  Hellion x2  
  88  5:42  SCV x2  
  90  5:44  Supply Depot  
  90  5:45  Supply Depot  
  88  5:54  SCV x2  
  88  5:57  Factory x2  
  88  6:01  Hellion x2  
  88  6:02  Orbital Command  
  92  6:06  SCV  
  92  6:07  SCV  
  88  6:18  SCV, Armory  
  88  6:19  SCV, Armory  
  88  6:22  Hellion  
  84  6:28  Orbital Command  
  84  6:31  Hellion, SCV x2  
  88  6:39  Battlecruiser  
  94  6:43  Hellion, SCV x2  
  98  6:49  Factory Tech Lab  
  98  6:50  Factory Tech Lab  
  98  6:55  SCV  
  98  6:59  Hellion  
  98  7:00  Refinery  
  101  7:01  Refinery  
  101  7:02  SCV x2  
  101  7:05  Hellion  
  101  7:07  SCV  
  109  7:08  Command Center, Siege Tank  
  109  7:10  Siege Tank  
  112  7:16  SCV x2  
  112  7:19  SCV  
  112  7:21  Terran Vehicle And Ship Armor Level 1, Terran Vehicle Weapons Level 1  
  112  7:22  Supply Depot x2  
  115  7:29  Hellion x2, SCV x2  
  117  7:31  SCV  
  106  7:43  Factory  
  102  7:45  Factory  
  102  7:46  Hellion  
  102  7:48  SCV x2  
  102  7:49  SCV  
  102  7:50  Hellion x2  
  114  7:56  Hellion, Battlecruiser  
  119  8:08  Infernal Pre-Igniter  
  119  8:13  Siege Tank  
  119  8:14  Hellion x2  
  119  8:15  Engineering Bay  
  119  8:16  Supply Depot  
  127  8:20  SCV x3  
  129  8:29  Siege Tank  
  129  8:30  Factory Tech Lab  
  129  8:32  Factory Reactor  
  129  8:33  SCV x3  
  135  8:41  Refinery  
  135  8:45  Hellion x2, Siege Tank, SCV x3  
  145  8:49  Refinery  
  145  8:54  Planetary Fortress  
  143  8:56  Siege Tank  
  143  9:00  Command Center  
  146  9:03  Command Center  
  146  9:08  Siege Tank  
  146  9:09  Hellion x2  
  155  9:10  Hellion  
  155  9:17  Siege Tank, Terran Vehicle Weapons Level 2  
  155  9:20  Terran Vehicle And Ship Armor Level 2  
  155  9:23  Hellion  
  160  9:25  Supply Depot  
  160  9:26  Supply Depot x2  
  160  9:28  Hellion  
  160  9:31  Hellion  
  158  9:34  Hellion x2  
  156  9:40  Hellion  
  156  9:44  Hellion, Factory x2  
  156  9:45  Factory  
  154  9:53  Siege Tank x2  
  154  9:54  Hellion  
  154  9:55  Hellion  
  154  9:56  Hellion  
  164  10:02  Hellion, Starport Reactor  
  166  10:08  Starport  
  166  10:10  Command Center  
  166  10:26  Refinery  
  166  10:27  Refinery  
  166  10:38  Thor x2  
  166  10:41  Siege Tank, Thor  
  166  10:42  Hellion x3  
  181  10:43  Hellion  
  181  10:45  Planetary Fortress  
  181  10:52  Starport Reactor  
  181  10:53  Factory Tech Lab  
  181  10:54  Factory Reactor  
  173  10:58  Advanced Ballistics  
  173  11:02  Orbital Command  
  167  11:12  Hellion x2, Sensor Tower  
  167  11:13  Missile Turret  
  167  11:14  Siege Tank  
  167  11:16  Viking x2  
  178  11:21  Siege Tank  
  178  11:23  Orbital Command  
  181  11:26  Thor  
  168  11:36  Siege Tank, Thor  
  165  11:40  Hellion x2  
  165  11:44  Viking, Missile Turret  
  165  11:45  Viking  
  165  11:46  Viking, Siege Tank, Missile Turret  
  178  11:55  Sensor Tower, Terran Vehicle Weapons Level 3  
  178  11:56  Missile Turret  
  178  12:06  Hellion, Siege Tank  
  178  12:07  Hellion  
  178  12:08  Siege Tank  
  188  12:10  Viking  
  188  12:14  Viking  
  188  12:15  Viking  
  188  12:20  Viking  
  192  12:34  Thor  
  198  12:40  Viking  
  198  12:42  Command Center  
  198  12:43  Command Center  
  200  13:00  Terran Vehicle And Ship Armor Level 3  
  200  13:04  Starport  
  200  13:05  Starport  
  200  13:09  Siege Tank, Thor x2  
  200  13:10  Siege Tank  
  200  13:12  Hellion  
  188  13:19  Siege Tank  
  184  13:20  Hellion x3  
  184  13:24  Viking  
  184  13:25  Viking  
  194  13:31  Hellion  
  196  13:40  Command Center  
  196  13:41  Command Center, Siege Tank  
  193  13:42  Siege Tank  
  193  13:43  Liberator  
  165  13:49  Liberator  
  165  13:50  Hellion x2  
  165  13:52  Siege Tank x3  
  170  13:56  Liberator  
  173  14:03  Liberator  
  176  14:14  Orbital Command, Siege Tank x2  
  185  14:22  Refinery  
  185  14:23  Liberator  
  188  14:25  Liberator  
  188  14:27  Refinery, Thor  
  188  14:28  Hellion x2  
  186  14:32  Liberator  
  186  14:33  Terran Ship Weapons Level 1  
  186  14:35  Missile Turret  
  186  14:40  Starport Reactor  
  186  14:45  Siege Tank  
  195  14:46  Hellion x2  
  196  15:08  Viking x2  
  188  15:14  Siege Tank  
  188  15:15  Hellion x2, Siege Tank  
  188  15:20  Hellion  
  200  15:22  Orbital Command  
  200  15:26  Starport Reactor  
  196  15:53  Hellion, Siege Tank  
  197  15:57  Liberator x2  
  197  15:59  Viking  
  176  16:13  Hellion, Command Center, Siege Tank x3  
  176  16:14  Command Center  
  176  16:16  SCV x2  
  176  16:17  SCV x3  
  176  16:18  SCV x2  
  198  16:37  Hellion, Siege Tank  
  199  16:46  Liberator x2  
  199  16:53  Siege Tank  
  195  17:06  Thor x2  
  198  17:21  Siege Tank x2  
  198  17:22  Hellion  
  198  17:31  Hellion  
  198  17:32  Hellion, Orbital Command  
  198  17:34  Liberator x4, Orbital Command  
  190  17:38  Siege Tank  
  190  17:39  Hellion  
  154  17:45  Hellion x3  
  154  17:49  Siege Tank, Thor  
  157  17:53  Thor  
  157  17:55  Viking x2  
  157  17:58  Missile Turret  
  176  17:59  Missile Turret  
  176  18:02  Hellion  
  178  18:09  Orbital Command  
  175  18:17  Thor  
  175  18:18  Thor  
  175  18:19  Hellion  
  189  18:28  Thor  
  189  18:29  Hellion  
  197  18:35  Missile Turret  
  197  18:39  Siege Tank  
  200  18:46  Sensor Tower  
  200  18:54  Refinery  
  200  18:57  Refinery  
  200  19:00  Terran Ship Weapons Level 2  
  200  19:16  Thor  
  193  19:25  Command Center  
  193  19:29  Thor  
  199  19:35  Siege Tank  
  194  19:38  Thor  
  194  19:42  Thor  
  194  19:43  Hellion x2  
  197  19:49  Orbital Command  
  196  19:56  Liberator  
  166  20:01  Thor  
  166  20:02  Hellion x2  
  166  20:06  SCV x2  
  166  20:07  SCV x3, Thor  
  174  20:11  SCV  
  185  20:17  SCV  
  185  20:18  Missile Turret, SCV x2  
  185  20:19  SCV x2  
  185  20:20  Missile Turret  
  190  20:23  Refinery  
  190  20:26  Thor  
  196  20:37  Siege Tank  
  199  21:24  Planetary Fortress  
  199  21:25  Terran Ship Weapons Level 3  
  199  21:30  Siege Tank  
  199  21:44  Command Center  
  196  21:48  Command Center x2  
  196  21:51  Siege Tank, Thor  
  196  21:52  Hellion x2  
  199  21:59  Hellion  
  200  22:04  Command Center  
  197  22:10  Siege Tank  
  200  22:41  Siege Tank x2  
  200  22:42  Hellion x2, Thor  
  200  22:43  Hellion x2, Siege Tank x2  
  193  22:49  Hellion  
  193  22:50  Hellion  
  184  23:00  SCV x4  
  184  23:03  Hellion x2  
  184  23:05  Hellion x2  
  191  23:10  Planetary Fortress, Barracks  
  190  23:13  Siege Tank  
  190  23:14  Siege Tank  
  195  23:23  Hellion, Siege Tank  
  200  23:39  Thor x2  
  194  23:55  Siege Tank x2  
  195  23:56  Hellion x2  
  191  24:06  Hellion, Siege Tank  
  191  24:09  Command Center  
  182  24:15  Hellion x2  
  182  24:22  Siege Tank  
  182  24:23  Siege Tank  
  186  24:28  Hellion x2, Siege Tank  
  184  24:39  Missile Turret  
  184  24:40  Sensor Tower  
Tags
 
Add a new tag
Caveats
  • Supply blocks, unpowered buildings, or Contaminate may cause inaccurate times.
  • Supply counts are checked every 10 seconds.